 Dungeon Crawl Stone Soup version 0.25.1-8-g42b30a86e7 (webtiles) character file.

Game seed: 17079501322825832707

1665 hehateme the Cleaver (level 9, -1/71 HPs)
             Began as a Human Fighter on Dec 14, 2020.
             Was a Follower of Makhleb.
             Slain by an orc priest
             ... wielding a +0 morningstar
              (5 damage)
             ... on level 7 of the Dungeon.
             The game lasted 00:12:21 (6679 turns).

hehateme the Cleaver (Human Fighter)                Turns: 6679, Time: 00:12:22

Health: -1/71      AC:  9    Str: 20    XL:     9   Next: 20%
Magic:  11/11      EV:  3    Int: 11    God:    Makhleb [*.....]
Gold:   335        SH:  9    Dex: 13    Spells: 8/8 levels left

rFire    x . .     SeeInvis .   a - +0 war axe
rCold    + . .     Gourm    .   c - +0 kite shield
rNeg     . . .     Faith    .   r - +0 plate armour
rPois    .         Spirit   .   C - +1 helmet {Int+3}
rElec    .         Reflect  .   (no cloak)
rCorr    .         Harm     .   q - +0 pair of gloves
MR       .....                  (no boots)
Stlth    ..........             i - amulet of regeneration {+regen, !d}
HPRegen  0.61/turn              F - ring of ice {rC+, rF-}
MPRegen  0.12/turn              l - ring of flight {+Fly, !d}

@: no status effects
A: talons 1, deformed body, screaming 1, wild magic 1
a: Renounce Religion, Evoke Flight


You were on level 7 of the Dungeon.
You worshipped Makhleb.
Makhleb was aware of your devotion.
You were not hungry.

You visited 2 branches of the dungeon, and saw 8 of its levels.

You collected 335 gold pieces.

Inventory:

Hand Weapons
 a - a +0 war axe (weapon)
 k - a +3 dagger
   (You took it off a kobold on level 1 of the Dungeon)
 z - a +0 war axe
   (You took it off an orc on level 6 of the Dungeon)
 B - a cursed -3 war axe
   (You found it on level 6 of the Dungeon)
Missiles
 t - 168 stones (quivered)
Armour
 b - a +0 scale mail
 c - a +0 kite shield (worn)
 d - a +1 hat
   (You found it on level 4 of the Dungeon)
 q - a +0 pair of gloves (worn)
   (You found it on level 2 of the Dungeon)
 r - a +0 plate armour (worn)
   (You found it on level 2 of the Dungeon)
 C - a +1 helmet of intelligence (worn)
   (You found it on level 6 of the Dungeon)
Magical Staves
 v - an uncursed staff of death {unknown}
   (You found it on level 6 of the Dungeon)
Jewellery
 i - an amulet of regeneration (around neck) {+regen, !d}
   (You found it on level 1 of the Dungeon)
 l - a ring of flight (right hand) {+Fly, !d}
   (You found it on level 5 of the Dungeon)
 w - an uncursed ring of attention
   (You found it on level 4 of the Dungeon)
 F - a ring of ice (left hand) {rC+, rF-}
   (You found it on level 6 of the Dungeon)
Scrolls
 e - 2 scrolls of teleportation {unknown}
 g - a scroll of enchant weapon {unknown}
 h - a scroll of immolation {unknown}
 j - 4 scrolls of amnesia
 o - 5 scrolls of fear {unknown}
 p - 2 scrolls of remove curse
 s - 5 scrolls of identify
 x - a scroll of noise {unknown}
 y - 4 scrolls of magic mapping {unknown}
 D - a scroll of enchant armour {unknown}
Potions
 m - a potion of heal wounds
 n - a potion of lignification {unknown}
 u - a potion of stabbing
 A - a potion of flight {unknown}
 E - a potion of haste {unknown}
 G - a potion of curing {unknown}
Comestibles
 f - 8 rations
 H - 2 chunks of flesh {@w0}


   Skills:
 - Level 6.5 Fighting
 - Level 8.5 Axes
 - Level 3.0 Armour
 + Level 3.9 Shields
 * Level 3.8 Invocations


You had 8 spell levels left.
You didn't know any spells.
Your spell library contained the following spells:

 Spells                   Type           Power        Failure   Level  Hunger
 Magic Dart               Conj           #...         100%        1    ##.....
 Blink                    Tloc           N/A          100%        2    ###....
 Call Imp                 Summ           #.......     100%        2    ###....
 Slow                     Hex            #.......     100%        2    ###....
 Confusing Touch          Hex            #.......     100%        3    ####...
 Conjure Flame            Conj/Fire      #.......     100%        3    ####...
 Gell's Gravitas          Tloc           #.........   100%        3    ####...
 Mephitic Cloud           Conj/Pois/Air  #.......     100%        3    ####...
 Petrify                  Tmut/Erth      #.......     100%        4    #####..
 Metabolic Englaciation   Hex/Ice        #.........   100%        5    ######.
 Yara's Violent Unravell  Hex/Tmut       #.........   100%        5    ######.


Dungeon Overview and Level Annotations

Branches:
Dungeon (7/15)             Temple (1/1) D:4

Altars:
Ashenzari
Cheibriados
Dithmenos
Elyvilon
Fedhas
Gozag
Hepliaklqana
Makhleb
Nemelex Xobeh
Okawaru
Qazlal
Ru
Sif Muna
Trog
Uskayaw
Vehumet
Wu Jian
Xom
Yredelemnul
The Shining One

Shops:
D:4 [=


Innate Abilities, Weirdness & Mutations

You have sharp toenails.
Armour fits poorly on your strangely shaped body.
You occasionally shout uncontrollably at your foes.
Your spells are a little harder to cast, but a little more powerful.


Message History

You throw a stone.
The stone barely misses the orc warrior.
There are monsters nearby!
The orc priest shouts!
You hit the orc warrior. Your kick misses the orc warrior.
The orc priest calls upon Beogh to heal the orc warrior.
The orc warrior's wounds heal themselves!
You block the orc warrior's attack.
Your plate armour prevents you from hitting the orc warrior.
You claw the orc warrior, but do no damage.
You block the orc warrior's attack.
You hit the orc warrior.
The orc priest looks encouraged for a moment.
The orc warrior hits you but does no damage.
You hit the orc warrior but do no damage.
The orc warrior hits you but does no damage.
An orc comes into view.
It is wielding a +0 flail of protection.
The orc shouts!
You hit the orc warrior.
The orc warrior hits you but does no damage.
You hit the orc warrior but do no damage.
Your kick misses the orc warrior. You block the orc warrior's attack.
You closely miss the orc warrior.
You claw the orc warrior, but do no damage.
The orc warrior hits you but does no damage.
You closely miss the orc warrior.
The orc warrior hits you with a +0 mace!
You take 11 damage, and have 60/71 hp.
You hit the orc warrior but do no damage.
You claw the orc warrior. You completely miss the orc.
Your plate armour prevents you from hitting the orc priest.
The orc priest hits you but does no damage.
The orc completely misses you.
The orc warrior hits you with a +0 mace.
You take 4 damage, and have 56/71 hp.
You hit the orc warrior.
Your shield and plate armour prevent you from hitting the orc.
You completely miss the orc priest.
The orc priest hits you with a +0 morningstar.
The orc hits you but does no damage.
The orc warrior hits you but does no damage.
You take 2 damage, and have 54/71 hp.
You hit the orc warrior. Your kick misses the orc warrior.
You hit the orc but do no damage. You hit the orc priest.
The orc priest barely misses you. You block the orc's attack.
There are monsters nearby!
There are monsters nearby!
There are monsters nearby!
Your shield and plate armour prevent you from hitting the orc priest.
Your kick misses the orc priest. You closely miss the orc.
You slash the orc warrior!
The orc warrior hits you with a +0 mace.
The orc priest hits you with a +0 morningstar.
The orc barely misses you.
You take 11 damage, and have 44/71 hp.
You hit the orc priest but do no damage.
You claw the orc priest. You hit the orc warrior. You closely miss the orc.
The orc warrior hits you with a +0 mace!
The orc priest invokes the aid of Beogh against you.
Pain shoots through your body! You block the orc's attack.
You take 20 damage, and have 24/71 hp.
MASSIVE DAMAGE!!
You slash the orc priest!
You claw the orc priest, but do no damage.
Your shield and plate armour prevent you from hitting the orc warrior.
You hit the orc.
The orc warrior hits you with a +0 mace.
* * * LOW HITPOINT WARNING * * *
The orc priest looks satisfied for a moment.
The orc hits you but does no damage.
You take 3 damage, and have 21/71 hp.
You hit the orc priest but do no damage.
You closely miss the orc. You hit the orc warrior.
The orc priest barely misses you.
The orc warrior hits you with a +0 mace!!
* * * LOW HITPOINT WARNING * * *
You block the orc's attack.
You take 18 damage, and have 3/71 hp.
MASSIVE DAMAGE!!
You feel much better.
The orc priest hits you with a +0 morningstar!
The orc warrior hits you with a +0 mace.
* * * LOW HITPOINT WARNING * * *
The orc hits you but does no damage.
You regained 14 hp, and now have 17/71 hp.
You closely miss the orc priest. You claw the orc priest.
You hit the orc but do no damage. You closely miss the orc warrior.
The orc priest completely misses you.
The orc warrior hits you with a +0 mace!
* * * LOW HITPOINT WARNING * * *
You block the orc's attack.
You take 13 damage, and have 4/71 hp.
You hit the orc priest but do no damage.
You claw the orc priest.
You hit the orc warrior but do no damage.
You slash the orc!
You kill the orc!
Makhleb accepts your kill.
The orc priest hits you with a +0 morningstar.
You die...

#..#..#.##.......##..########
#..#..#.......<##............
#..#..#####....###....#######
#.....# #...###.##..#
#..#.######....#.###..#
#..#.##...#...#.####..# ####
#..#.##.#....[........# ##...
.. ...........#######.###...#
## #. ...##.@## ...#.....
#)oo......#.#......
#.....((...........
#..#####.##.#...... #..#
......... .... #.#.#...# ...#
.[....... ....# #[#.#####
....


You could see an orc warrior and an orc priest.

Vanquished Creatures
  2 ice beasts
  A sky beast (D:5)
  A phantom (D:7)
  An ogre (D:4)
  A centaur (D:7)
  A water moccasin skeleton (D:4)
  3 scorpions
  4 crimson imps
  3 hounds
  A bullfrog zombie (D:5)
  3 orc priests
  2 jellies
  A centaur skeleton (D:7)
  2 bullfrog skeletons (D:4)
  2 iguanas
  3 orc wizards
  2 worker ants
  A killer bee zombie (D:5)
  A hound zombie (D:7)
  2 hound skeletons (D:7)
  9 adders
  2 adder zombies
  3 adder skeletons
  2 worms (D:2)
  2 dart slugs
  6 leopard geckos
  25 orcs
  2 ball pythons
  3 giant cockroaches
  9 goblins
  6 hobgoblins
  8 jackals
  A quokka (D:2)
  5 bats
  11 frilled lizards
  A giant cockroach zombie (D:5)
  4 kobolds
  A quokka skeleton (D:6)
  8 rats
145 creatures vanquished.

Notes
Turn   | Place    | Note
-------+----------+-------------------------------------------
     0 | D:1      | hehateme the Human Fighter began the quest for the Orb.
     0 | D:1      | Reached XP level 1. HP: 18/18 MP: 1/1
   115 | D:1      | Reached XP level 2. HP: 23/24 MP: 2/2
   392 | D:1      | Reached XP level 3. HP: 29/29 MP: 3/3
   452 | D:1      | Reached skill level 3 in Axes
   839 | D:2      | Reached XP level 4. HP: 33/35 MP: 4/4
  1418 | D:3      | Reached skill level 4 in Axes
  1419 | D:3      | HP: 6/37 [orc priest (4)]
  1422 | D:3      | Reached skill level 4 in Fighting
  1422 | D:3      | Reached XP level 5. HP: 8/42 MP: 5/5
  1424 | D:3      | HP: 8/42 [poisoned by an adder]
  1537 | D:3      | Found a bloodstained altar of Trog.
  1550 | D:3      | You fall into a shaft and drop 2 floors!
  1550 | D:5      | Entered Level 5 of the Dungeon
  1825 | D:5      | Noticed an ice beast
  1835 | D:5      | HP: 10/42 [ice beast (14)]
  1836 | D:5      | Killed an ice beast
  1836 | D:5      | Reached skill level 5 in Axes
  1836 | D:5      | Reached XP level 6. HP: 12/49 MP: 6/6
  1981 | D:5      | Noticed an ice beast
  1991 | D:5      | Noticed a sky beast
  2007 | D:4      | Gained mutation: You occasionally shout uncontrollably at
                  | your foes. [potion of mutation]
  2007 | D:4      | Gained mutation: Armour fits poorly on your strangely
                  | shaped body. [potion of mutation]
  2007 | D:4      | Gained mutation: Your spells are a little harder to cast,
                  | but a little more powerful. [potion of mutation]
  2007 | D:4      | Gained mutation: You have sharp toenails. [potion of
                  | mutation]
  2007 | D:4      | HP: 11/49 [ice beast (12)]
  2012 | D:4      | Killed an ice beast
  2481 | D:4      | Found a staircase to the Ecumenical Temple.
  2489 | Temple   | Entered the Ecumenical Temple
  2770 | Temple   | Became a worshipper of Makhleb the Destroyer
  2829 | D:4      | Found Gajun's Jewellery Boutique.
  2834 | D:4      | Reached XP level 7. HP: 55/55 MP: 7/7
  2838 | D:4      | Found Qowaet's Antique Armour Emporium.
  2859 | D:4      | You fall into a shaft and drop 2 floors!
  2876 | D:5      | Reached skill level 6 in Axes
  2932 | D:5      | Reached skill level 5 in Fighting
  3519 | D:4      | Found a white marble altar of Elyvilon.
  3583 | D:4      | Reached skill level 7 in Axes
  3583 | D:4      | Reached XP level 8. HP: 63/63 MP: 8/8
  4106 | D:5      | Reached skill level 6 in Fighting
  4830 | D:6      | Reached skill level 8 in Axes
  4881 | D:6      | HP: 14/64 [orc priest/divine providence (17)]
  5171 | D:6      | Reached * piety under Makhleb
  5938 | D:7      | Reached skill level 1 in Invocations
  5997 | D:7      | Reached XP level 9. HP: 71/71 MP: 10/10
  6018 | D:7      | Reached skill level 2 in Invocations
  6463 | D:7      | Reached skill level 3 in Invocations
  6676 | D:7      | HP: 3/71 [orc warrior/+0 mace (18)]
  6679 | D:7      | Slain by an orc priest

Illustrated notes

Levels and vault maps discovered:
D:1:      wander_arrival_peaceful_grave, layout_basic
D:2:      layout_basic
D:3:      layout_loops_cross, nicolae_overflow_crystal_walls, first_ration,
          serial_glass, glass_columns_a, glass_columns_a,
          hangedman_decor_slide_cut, minmay_distorted
D:4:      layout_loops_ring, minmay_temple_entry_mini_moons, serial_shops,
          nicolae_shop_competitors_out_of_business, eino_tiny_chamber,
          grunt_ministairs_9, minmay_shop_enchanted_jewellery, elyvilon_altar_3
D:5:      layout_basic
D:6:      layout_basic, serial_park_tiny_pond, minmay_fractal_squares_gapless_5
D:7:      layout_loops_ring
Temple:   dpeg_five_rooms_temple

Skill      XL: |  1  2  3  4  5  6  7  8  9 |
---------------+----------------------------+-----
Axes           | 3 4 5 7 8 |  8.5
Fighting       | 4 5 6 |  6.5
Invocations    | 1 3 |  3.8
Armour         | |  3.0
Shields        | |  3.9

Action                   |  1- 3 |  4- 6 |  7- 9 || total
-------------------------+-------+-------+-------++-------
Melee: War axe           |   114 |   175 |   304 ||   593
       Kick              |       |    10 |    93 ||   103
Throw: Stone             |       |       |   119 ||   119
  Use: Potion            |       |     6 |     1 ||     7
       Scroll            |       |       |     3 ||     3
  Eat: Chunk             |       |     6 |    10 ||    16
       Ration            |       |       |     1 ||     1
Armor: Scale mail        |    60 |     1 |       ||    61
       Plate armour      |       |   117 |   159 ||   276
Dodge: Dodged            |    37 |    20 |    32 ||    89
Block: Kite shield       |    66 |   101 |   115 ||   282

Levels and vault maps discovered:
D:1:      wander_arrival_peaceful_grave, layout_basic
D:2:      layout_basic
D:3:      layout_loops_cross, nicolae_overflow_crystal_walls, first_ration,
          serial_glass, glass_columns_a, glass_columns_a,
          hangedman_decor_slide_cut, minmay_distorted
D:4:      layout_loops_ring, minmay_temple_entry_mini_moons, serial_shops,
          nicolae_shop_competitors_out_of_business, eino_tiny_chamber,
          grunt_ministairs_9, minmay_shop_enchanted_jewellery, elyvilon_altar_3
D:5:      layout_basic
D:6:      layout_basic, serial_park_tiny_pond, minmay_fractal_squares_gapless_5
D:7:      layout_loops_ring
Temple:   dpeg_five_rooms_temple

Table legend:
 A = Turns spent in this place as a percentage of turns spent in the entire game.
 B = Non-inter-level travel turns spent in this place as a percentage of non-inter-level travel turns spent in the entire game.
 C = Inter-level travel turns spent in this place as a percentage of turns spent in this place.
 D = Turns resting spent in this place as a percentage of non-inter-level travel turns spent in this place.
 E = Turns spent auto-exploring this place as a percentage of non-inter-level travel turns spent in this place.
 F = Non-inter-level travel turns spent in this place divided by the number of levels of this place that you've seen.
                   A       B       C       D       E      F
               +-------+-------+-------+-------+-------+----------------------
         Total | 100.0 | 100.0 |   4.0 |  15.2 |  62.8 | 801.1
       Dungeon |  95.3 |  96.4 |   2.8 |  15.8 |  61.5 | 883.0
        Temple |   4.7 |   3.6 |  28.1 |   0.0 |  98.2 | 228.0
               +-------+-------+-------+-------+-------+----------------------

Table legend:
 A = Kills in this place as a percentage of kills in entire the game.
 B = Kills by you in this place as a percentage of kills by you in the entire game.
 C = Kills by friends in this place as a percentage of kills by friends in the entire game.
 D = Other kills in this place as a percentage of other kills in the entire game.
 E = Experience gained in this place as a percentage of experience gained in the entire game.
 F = Experience gained in this place divided by the number of levels of this place that you have seen.
                   A       B       C       D       E      F
               +-------+-------+-------+-------+-------+----------------------
         Total | 100.0 | 100.0 |   N/A |   N/A | 100.0 | 297.4
       Dungeon | 100.0 | 100.0 |   N/A |   N/A | 100.0 | 339.9
               +-------+-------+-------+-------+-------+----------------------
